 Dungeon Crawl Stone Soup version 0.30.1-4-g462c640d31 (webtiles) character file.

Game seed: 15172242046178208348

114 lonewolfV2 the Shield-Bearer (level 4, -5/35 HPs)
             Began as a Demonspawn Fighter on Aug 25, 2023.
             Splashed by a jelly's acid (7 damage)
             ... on level 2 of the Dungeon.
             The game lasted 00:02:37 (1486 turns).

lonewolfV2 the Shield-Bearer (Demonspawn Fighter)   Turns: 1486, Time: 00:02:38

Health: -5/35      AC:  0    Str: 18    XL:     4   Next: 67%
Magic:  4/4        EV: 14    Int: 10    God:
Gold:   165        SH:  4    Dex: 12    Spells: 3/3 levels left

rFire   . . .        g - +2 hand axe (elec)
rCold   . . .        c - +0 buckler
rNeg    . . .        b - +1 scale mail
rPois   .            (helmet restricted)
rElec   .            (no cloak)
rCorr   .            (no gloves)
SInv    .            (no boots)
Will    .....        (no amulet) Stlth
                     m - +5 ring of evasion
HPRegen 0.25/turn    (no ring)
MPRegen 0.09/turn

%: no passive effects
@: corroded
A: horns 1, foul stench 1, demonic magic 1
a: no special abilities


You were on level 2 of the Dungeon.
You visited 1 branch of the dungeon, and saw 2 of its levels.

You collected 165 gold pieces.

Inventory:

Hand Weapons
 a - a +0 war axe
 g - a +2 hand axe of electrocution (weapon)
Armour
 b - a +1 scale mail (worn)
 c - a +0 buckler (worn)
Jewellery
 m - a +5 ring of evasion (left hand)
Potions
 d - a potion of might
 e - a potion of attraction
 f - a potion of heal wounds
 h - a potion of magic {unknown}
 i - 2 potions of haste
 j - a potion of ambrosia {unknown}
 k - 2 potions of curing {unknown}


   Skills:
 + Level 3.3 Fighting
 + Level 3.0 Axes
 + Level 3.1 Armour
 + Level 0.3 Dodging
 + Level 3.5 Shields


You had 3 spell levels left.
You didn't know any spells.
Your spell library contained the following spells:

 Spells                   Type           Power      Damage    Failure   Level
 Ozocubu's Armour         Ice            0%         N/A       99%         3
 Metabolic Englaciation   Hex/Ice        0%         N/A       100%        5
 Simulacrum               Ice/Necr       0%         N/A       100%        6


Dungeon Overview and Level Annotations

Branches:
Dungeon (2/15)

Altars:

Shops:
D:1 (


Innate Abilities, Weirdness & Mutations

You have a pair of small horns on your head.
You may rarely emit foul miasma when damaged in melee.
Spells you cast may paralyse adjacent enemies.


Message History

The jelly hits the fungus.
The fungus is splashed with acid.
You hit the jelly.
Your hands burn!
The jelly is moderately wounded.
You barely miss the endoplasm. You hit the fungus.
You hit the endoplasm but do no damage. The endoplasm freezes you.
You are frozen.
The endoplasm completely misses the fungus.
The endoplasm closely misses you.
The jelly hits the fungus.
The fungus is splashed with acid.
The acid corrodes the fungus!
The jelly closely misses you.
You hit the jelly. The acid corrodes you!
Your hands burn!
You headbutt the jelly, but do no damage.
The jelly is moderately wounded.
You hit the endoplasm but do no damage. You hit the fungus.
You hit the endoplasm.
You kill the endoplasm!
A nearby fungus withers and dies.
The endoplasm barely misses you. The jelly closely misses you.
The endoplasm hits the fungus. x2
You hit the jelly.
Your hands burn!
You headbutt the jelly, but do no damage.
The jelly is heavily wounded.
You hit the fungus. Lightning courses through the fungus!
You hit the jelly but do no damage. The acid corrodes you!
Your hands burn!
You barely miss the endoplasm.
A nearby fungus withers and dies.
The endoplasm closely misses you. You block the jelly's attack.
The jelly hits you.
You are splashed with acid.
You completely miss the jelly.
The jelly is heavily wounded.
You hit the endoplasm but do no damage. x2
Lightning courses through the endoplasm!!
You kill the endoplasm!
You hit the jelly but do no damage.
Your hands burn!
* * * LOW HITPOINT WARNING * * *
The jelly closely misses you. The endoplasm hits you.
* * * LOW HITPOINT WARNING * * *
You emit a cloud of foul miasma!
The jelly hits you.
* * * LOW HITPOINT WARNING * * *
You are splashed with acid!
You die...

#).....##.#########))#
#..P...#.#.#....####?#
#......#.#.#.....##..#
#.÷....#.#'#......'..#
#÷.÷..J#)#..(.....'..#
#PP...J#.#........'.##
#....JJ#.#.......##.#
#..P.JJJ##......#####
#....J@##########
########


You could see 2 jellies and 6 endoplasms.

Vanquished Creatures
  Jessica (D:2)
  Robin (D:2)
  2 dart slugs
  7 ball pythons
  5 bats
  4 endoplasms (D:2)
  13 goblins
  5 hobgoblins
  2 jackals (D:2)
  17 kobolds
  5 frilled lizards
  8 rats
70 creatures vanquished.

Notes
Turn   | Place    | Note
-------+----------+-------------------------------------------
     0 | D:1      | lonewolfV2 the Demonspawn Fighter began the quest for the
                  | Orb.
     0 | D:1      | Reached XP level 1. HP: 18/18 MP: 1/1
   101 | D:1      | Gained mutation: You may rarely emit foul miasma when
                  | damaged in melee. [demonic ancestry]
   101 | D:1      | Reached XP level 2. HP: 18/24 MP: 2/2
   280 | D:1      | Found Faerasoo's Antique Weapon Boutique.
   398 | D:1      | Found a faded altar of an unknown god.
   823 | D:2      | Gained mutation: You have a pair of small horns on your
                  | head. [demonic ancestry]
   823 | D:2      | Reached XP level 3. HP: 18/29 MP: 3/3
  1093 | D:2      | Noticed Robin
  1094 | D:2      | Noticed Jessica
  1116 | D:2      | Killed Robin
  1117 | D:2      | Gained mutation: Spells you cast may paralyse adjacent
                  | enemies. [demonic ancestry]
  1117 | D:2      | Reached XP level 4. HP: 12/35 MP: 4/4
  1119 | D:2      | Killed Jessica
  1486 | D:2      | Splashed by a jelly's acid

Illustrated notes

Levels and vault maps discovered:
D:1:      noname_arrival_rooms_in_the_neighbourhood, layout_rooms,
          hellmonk_ecumenical_altar_blasted, serial_corexii_hall,
          chequers_hall_statues_y, chequers_hall_statues_y, serial_shops,
          nicolae_shop_back_alley_shop, serial_park_tiny_1, minmay_hedge_maze,
          minmay_pentomino_s4
D:2:      cheibrodos_fertilizer, layout_basic, uniq_jessica, uniq_natasha,
          uniq_robin

Skill      XL: |  1  2  3 |
---------------+----------+-----
Shields        | 3 |  3.5
Axes           | 2 3 |  3.0
Armour         | 3 |  3.1
Fighting       | |  3.3
Dodging        | |  0.3

Action                     |  1- 3 |  4- 6 || total
---------------------------+-------+-------++-------
  Melee: War axe           |    88 |       ||    88
         Hand axe          |    16 |    28 ||    44
         Headbutt          |     3 |     3 ||     6
    Use: Scroll            |     9 |       ||     9
 Armour: Scale mail        |    66 |    12 ||    78
  Dodge: Dodged            |    72 |    27 ||    99
  Block: Buckler           |    41 |     8 ||    49
